 Dungeon Crawl Stone Soup version 0.23-a0-607-g760965b (webtiles) character file.

7 Lanoc the Grasshopper (level 1, -9/16 HPs)
             Began as a Demonspawn Warper on Dec 20, 2018.
             Mangled by a gnoll
             ... wielding a +0 flail
              (10 damage)
             ... on level 1 of the Dungeon.
             The game lasted 00:01:01 (124 turns).

Lanoc the Grasshopper (Demonspawn Warper)            Turns: 124, Time: 00:01:03

Health: -9/16      AC:  3    Str: 11    XL:     1   Next: 91%
Magic:  3/3        EV: 12    Int: 14    God:
Gold:   17         SH:  0    Dex: 12    Spells: 4/4 levels left

rFire    . . .     SeeInvis .   a - +0 falchion
rCold    . . .     Gourm    .   (no shield)
rNeg     . . .     Faith    .   b - +0 leather armour
rPois    .         Spirit   .   (no helmet)
rElec    .         Reflect  .   (no cloak)
rCorr    .         Harm     .   (no gloves)
MR       .....                  (no boots)
Stlth    +.........             (no amulet)
HPRegen  0.05/turn              (no ring)
MPRegen  0.08/turn              (no ring)

@: no status effects
A: no striking features
a: no special abilities


You were on level 1 of the Dungeon.
You were not hungry.

You visited 1 branch of the dungeon, and saw 1 of its levels.

You collected 17 gold pieces.

Inventory:

Hand Weapons
 a - a +0 falchion (weapon)
 g - a +1 short sword of flaming
Missiles
 e - 5 tomahawks of dispersal (quivered)
Armour
 b - a +0 leather armour (worn)
Scrolls
 c - a scroll of identify {unknown}
 d - a scroll of blinking
Comestibles
 f - 2 rations


   Skills:
 + Level 2.0 Fighting
 * Level 2.0 Long Blades
 + Level 1.0 Throwing
 + Level 1.0 Armour
 + Level 1.9 Dodging
 + Level 2.1 Spellcasting
   Level 2.6 Translocations


You had 4 spell levels left.
You didn't know any spells.
Your spell library contained the following spells:

 Spells                   Type           Power        Failure   Level  Hunger
 Blink                    Tloc           N/A          16%         2    ###....
 Shroud of Golubria       Chrm/Tloc      #.........   26%         2    ###....
 Gell's Gravitas          Tloc           #.........   30%         3    ####...
 Lesser Beckoning         Tloc           #.........   30%         3    ####...
 Teleport Other           Tloc           #.......     30%         3    ####...
 Passage of Golubria      Tloc           N/A          71%         4    #####..


Dungeon Overview and Level Annotations

Branches:
Dungeon (1/15)

Altars:


Message History

You closely miss the bat. The bat hits you.
A bat comes into view.
The bat closely misses you. The bat barely misses you.
The bat closely misses you.
You riposte.
You miss the bat. The bat completely misses you.
You riposte.
You hit the bat.
You kill the bat!
You see here a bat corpse.
You are too injured to fight recklessly!
The kobold shouts!
You hit the gnoll.
The gnoll is lightly wounded.
The gnoll hits you with a +0 flail.
* * * LOW HITPOINT WARNING * * *
You aren't carrying any potions.
You hit the gnoll.
The gnoll is moderately wounded.
The gnoll hits you with a +0 flail!
Ouch! That really hurt!
You die...

b.. #.# ..# #.# ...
#.# #.# #.#
.#.####.#
###.######.#
Kg.....b#
#...((.....# #?#
#.#.########
#.#######.#.#
#..Kg@....#.#
#############.#
#.....# #.#
#.##.###.#######.#
#.#.##.#........>..#
#.#.##.#.#.#########
#####.#.##.....#
...##.#.##.###.#
##.##......# #.#


You could see a gnoll and a kobold.

Vanquished Creatures
  3 bats (D:1)
  A hobgoblin (D:1)
  2 kobolds (D:1)
6 creatures vanquished.

Notes
Turn   | Place    | Note
-------+----------+-------------------------------------------
     0 | D:1      | Lanoc the Demonspawn Warper began the quest for the Orb.
     0 | D:1      | Reached XP level 1. HP: 16/16 MP: 3/3
    48 | D:1      | Reached skill level 1 in Armour
    96 | D:1      | Reached skill level 1 in Throwing
   124 | D:1      | Mangled by a gnoll

Vault maps used:
D:1:      lightli_arrival_windingriver, minmay_misc_feat_columns

Skill      XL: |  1 |
---------------+----+-----
Armour         | 1 |  1.0
Throwing       | 1 |  1.0
Long Blades    | 2 |  2.0
Fighting       | |  2.0
Dodging        | |  1.9
Spellcasting   | |  2.1
Translocations | |  2.6

Action                   || total
-------------------------++-------
Melee: Falchion          ||    29
Armor: Leather armour    ||    14
Dodge: Dodged            ||    29
       Rpst.: Falchion   ||    12

Table legend:
 A = Non-vault XP
 B = Vault XP
 C = Vault XP percentage of total XP
 D = Non-vault monster count
 E = Vault monster count
 F = Vault count percentage of total count
                 A         B        C        D         E       F
            +---------+---------+-------+---------+---------+-------
      Total |      11 |       0 |   0.0 |       6 |       0 |   0.0
            +---------+---------+-------+---------+---------+-------
        D:1 |      11 |       0 |   0.0 |       6 |       0 |   0.0
            +---------+---------+-------+---------+---------+-------
